Map: Darkness Sanctuary LE

Players

Elazer - Winner!

  • Race: Zerg Zerg
  • Spawn Location: 7:00

soul

  • Race: Terran Terran
  • Spawn Location: 1:00

Event: WCS Austin 2018

VOD

Have the link to the VOD?

Description

Time

  • Played on: June 1, 2018, 3:27 p.m.
  • Length: 19:34

All games in this series

Show
View Real Time Build Order
Export as new Build Order

Elazer Zerg - Winner!

Build Orders: Hatch First 

Get SALT Encoding   

  12  0:00  Drone  
  13  0:12  Overlord  
  13  0:18  Drone  
  14  0:31  Drone x2  
  16  0:49  Hatchery  
  15  0:51  Drone  
  15  0:55  Drone  
  17  0:58  Drone  
  18  1:08  Extractor  
  17  1:13  Spawning Pool  
  17  1:16  Drone  
  17  1:20  Drone  
  18  1:29  Drone  
  19  1:38  Drone  
  20  1:49  Drone  
  21  2:00  Queen x2  
  21  2:01  Zergling x4  
  27  2:14  Hatchery  
  26  2:18  Overlord  
  26  2:22  Drone  
  27  2:24  Drone  
  28  2:32  Metabolic Boost  
  28  2:37  Drone x2  
  30  2:45  Queen  
  30  2:47  Overlord  
  32  2:54  Drone x2  
  32  2:55  Drone  
  32  2:58  Drone  
  36  3:10  Drone x4  
  36  3:11  Drone  
  41  3:18  Overlord  
  41  3:21  Drone, Queen  
  41  3:25  Drone  
  45  3:28  Drone  
  45  3:29  Queen  
  45  3:33  Drone  
  49  3:40  Drone x2  
  51  3:42  Zergling x6  
  54  3:49  Overlord  
  54  3:50  Drone x2  
  54  3:53  Drone x2  
  58  4:00  Overlord  
  58  4:04  Overlord  
  58  4:06  Queen  
  58  4:07  Drone x3  
  63  4:11  Roach Warren  
  63  4:16  Drone x3  
  65  4:23  Overlord  
  65  4:24  Lair  
  65  4:25  Drone  
  65  4:26  Drone  
  65  4:29  Spore Crawler  
  65  4:30  Drone x2  
  68  4:32  Zergling x6  
  68  4:34  Zergling x4  
  68  4:38  Overlord  
  73  4:44  Queen  
  75  4:54  Roach x5  
  85  5:06  Overlord  
  85  5:11  Overlord  
  84  5:16  Hatchery  
  83  5:22  Overlord  
  83  5:23  Overlord  
  83  5:33  Evolution Chamber  
  83  5:34  Evolution Chamber  
  80  5:36  Extractor, Drone x4  
  80  5:37  Hatchery, Drone  
  80  5:38  Extractor  
  80  5:39  Drone  
  83  5:47  Overlord, Drone  
  83  5:48  Drone  
  84  5:58  Drone  
  84  5:59  Zerg Ground Armor Level 1  
  84  6:02  Drone x4  
  89  6:08  Overlord  
  89  6:09  Zerg Melee Weapons Level 1  
  89  6:10  Drone x2  
  91  6:12  Drone  
  91  6:15  Overseer  
  91  6:16  Overlord  
  92  6:20  Spore Crawler  
  92  6:23  Drone  
  88  6:27  Overlord  
  88  6:29  Spore Crawler  
  88  6:30  Overlord  
  88  6:31  Drone x4  
  86  6:36  Drone  
  86  6:37  Drone x2  
  84  6:46  Burrow, Drone x2  
  79  6:47  Drone  
  79  6:52  Drone x3  
  83  6:56  Baneling Nest  
  82  7:01  Drone x4  
  82  7:02  Drone x2  
  82  7:04  Drone x2  
  82  7:08  Drone x2  
  92  7:12  Extractor  
  91  7:18  Hatchery  
  91  7:19  Overlord  
  90  7:25  Extractor  
  90  7:26  Zergling x14  
  90  7:29  Drone x2  
  98  7:30  Drone  
  98  7:36  Zergling x10  
  104  7:39  Centrifical Hooks  
  104  7:41  Zergling x6  
  107  7:44  Zergling x6  
  107  7:46  Baneling x2  
  107  7:48  Zergling x4  
  111  7:51  Zergling x2  
  111  7:52  Zergling x4  
  114  8:00  Drone x6  
  114  8:02  Hydralisk Den  
  119  8:11  Overlord  
  119  8:15  Drone x5  
  119  8:19  Zergling x2  
  126  8:20  Zergling x4  
  127  8:27  Overlord  
  127  8:33  Zergling x20  
  135  8:38  Zerg Ground Armor Level 2  
  135  8:40  Zerg Missile Weapons Level 1  
  134  8:44  Hatchery  
  134  8:45  Ravager x3  
  134  8:47  Baneling x6  
  134  8:52  Extractor  
  133  9:02  Baneling x2  
  133  9:03  Baneling x4  
  133  9:04  Drone x4  
  133  9:05  Drone x3  
  133  9:07  Extractor, Grooved Spines  
  133  9:08  Drone x3  
  142  9:16  Hydralisk x7  
  145  9:19  Overlord  
  145  9:21  Zergling x14  
  140  9:25  Zergling x2  
  140  9:26  Zergling x6  
  140  9:28  Ravager  
  140  9:29  Zergling x8  
  143  9:32  Zergling x2  
  143  9:33  Zergling x4  
  143  9:35  Zergling x4  
  148  9:38  Drone  
  148  9:39  Infestation Pit  
  147  9:45  Zergling x2  
  147  9:46  Zergling x4  
  151  9:52  Zergling x2  
  151  9:53  Zergling x2  
  151  9:58  Overlord  
  149  10:02  Hydralisk x6  
  160  10:10  Drone x9  
  169  10:20  Zergling x8  
  167  10:24  Hatchery  
  167  10:25  Drone  
  162  10:32  Overlord  
  160  10:36  Hive, Zerg Melee Weapons Level 2  
  160  10:37  Zergling x22  
  170  10:43  Overlord  
  170  10:44  Spore Crawler  
  170  10:46  Drone x3  
  171  10:50  Zergling x2, Hydralisk x2  
  171  10:51  Zergling x14  
  171  10:53  Muscular Augments  
  171  10:55  Baneling x5  
  179  11:06  Baneling x16  
  179  11:11  Zergling x16  
  185  11:29  Overlord  
  185  11:32  Drone x3  
  183  11:33  Drone x2  
  183  11:35  Zergling x26  
  183  11:36  Hydralisk  
  183  11:37  Hydralisk x4  
  196  11:40  Baneling x6  
  196  11:43  Overlord  
  196  11:45  Zergling x8  
  197  11:51  Zergling x14  
  198  11:57  Adrenal Glands  
  198  12:00  Overlord  
  198  12:01  Zergling x4  
  190  12:08  Zergling x20  
  198  12:21  Zergling x2  
  198  12:22  Zergling x2  
  177  12:30  Zergling x20  
  177  12:31  Zergling x16  
  177  12:36  Zergling x8  
  174  12:40  Zergling x2  
  174  12:43  Overseer  
  168  12:44  Drone  
  168  12:47  Zergling x8, Ultralisk Cavern  
  167  12:54  Zergling x12  
  163  13:01  Zergling x6  
  165  13:07  Baneling x8, Hydralisk x3  
  165  13:08  Hydralisk  
  165  13:12  Spire  
  169  13:13  Zergling x6  
  169  13:19  Zergling x16  
  165  13:32  Zergling x16  
  167  13:37  Ultralisk x2  
  167  13:38  Ultralisk x2  
  176  13:41  Chitinous Plating  
  176  13:42  Ultralisk  
  176  13:46  Zergling x12  
  183  13:51  Zergling x8  
  182  13:56  Drone x2  
  182  13:57  Zergling x16  
  188  14:06  Viper x2  
  194  14:10  Extractor, Drone x2  
  194  14:11  Drone  
  194  14:12  Baneling x10  
  194  14:13  Baneling  
  194  14:14  Zergling x8  
  200  14:23  Overlord  
  200  14:24  Overseer x2  
  190  14:34  Zergling x38  
  185  14:42  Zergling x6  
  175  14:50  Greater Spire, Zerg Ground Armor Level 3  
  175  14:58  Zergling x24  
  176  15:16  Overlord  
  176  15:19  Overlord  
  176  15:20  Zergling x32  
  192  15:24  Hatchery  
  192  15:26  Hydralisk x2  
  195  15:29  Overlord  
  195  15:30  Zergling x6  
  195  15:35  Zerg Melee Weapons Level 3  
  198  15:39  Baneling  
  198  15:40  Baneling x10  
  198  15:41  Baneling x2  
  192  15:54  Baneling x10  
  192  15:55  Infestor  
  194  15:59  Baneling  
  194  16:00  Baneling x12  
  194  16:10  Overlord  
  192  16:17  Hydralisk x3  
  145  16:44  Corruptor x4, Ultralisk x2  
  145  16:45  Zergling x30  
  171  16:51  Zergling x2  
  171  16:52  Zergling x8  
  149  17:06  Zergling x6, Ultralisk  
  130  17:20  Corruptor x3  
  133  17:33  Hydralisk x2  
  133  17:34  Hydralisk x2  
  138  17:40  Baneling  
  138  17:41  Baneling x8  
  137  17:47  Zergling x8  
  141  18:11  Baneling x3  
  141  18:12  Ravager  
  140  18:18  Hatchery  
  138  18:20  Zergling x18  
  138  18:23  Zergling x2  
  138  18:24  Zergling x2  
  132  18:41  Zergling x2  
  132  18:42  Zergling x16  
  139  18:52  Zergling x2  
  139  18:53  Zergling x10  
  123  19:05  Zergling x12  
  123  19:09  Zergling x4  
Show
View Real Time Build Order
Export as new Build Order

soul Terran 

Build Orders: Reaper Expand, Hellion Banshee, MMM Bio 

Get SALT Encoding   

  12  0:00  SCV  
  13  0:12  SCV  
  14  0:17  Supply Depot  
  14  0:24  SCV  
  15  0:39  SCV  
  15  0:41  Barracks  
  16  0:45  Refinery  
  16  0:51  SCV  
  17  1:03  SCV  
  18  1:17  SCV  
  19  1:29  Reaper  
  19  1:30  Orbital Command  
  20  1:40  Command Center  
  20  1:55  Supply Depot  
  20  1:56  SCV  
  20  2:01  Marine  
  21  2:08  SCV, Factory  
  22  2:13  Refinery  
  23  2:20  SCV  
  24  2:25  Barracks Reactor  
  24  2:32  SCV  
  25  2:45  SCV  
  26  2:52  Starport  
  26  2:54  Orbital Command  
  26  2:57  SCV  
  27  3:04  Hellion  
  31  3:05  Hellion  
  31  3:09  SCV, Marine  
  33  3:20  SCV  
  33  3:25  Hellion  
  33  3:27  Marine, Hellion  
  38  3:28  Armory  
  38  3:30  Medivac  
  41  3:34  SCV  
  43  3:42  Supply Depot  
  43  3:47  Hellion  
  46  3:48  Barracks Tech Lab, Hellion  
  46  3:49  Supply Depot  
  46  4:03  SCV x2  
  46  4:06  Supply Depot  
  46  4:09  Cloaking Field  
  48  4:10  Banshee  
  48  4:12  Marine  
  48  4:15  SCV x2  
  54  4:21  Hellion  
  54  4:22  Hellion  
  58  4:27  SCV x2  
  60  4:40  SCV  
  60  4:41  SCV  
  60  4:42  Command Center  
  62  4:46  Hellion  
  62  4:51  Hellion  
  62  4:52  SCV  
  66  4:53  SCV  
  66  4:55  Banshee  
  70  5:06  SCV  
  70  5:07  Barracks Tech Lab, SCV  
  70  5:11  Hellion x4  
  63  5:18  Engineering Bay x2, Barracks  
  63  5:19  Barracks  
  61  5:24  Engineering Bay  
  61  5:25  Factory Reactor  
  61  5:26  Engineering Bay  
  60  5:32  Bunker  
  60  5:33  SCV  
  61  5:37  Marauder  
  61  5:40  Bunker  
  61  5:41  Stimpack  
  61  5:42  SCV  
  64  5:46  SCV  
  64  5:49  Starport Reactor  
  65  5:54  Terran Infantry Weapons Level 1, SCV, Terran Infantry Armor Level 1  
  66  5:57  Refinery  
  66  5:58  Refinery, SCV  
  66  6:01  Orbital Command  
  67  6:06  SCV  
  67  6:10  Marine x2  
  70  6:12  SCV  
  70  6:13  Barracks  
  70  6:14  Barracks  
  70  6:17  Siege Tank, Marine  
  75  6:19  Marine  
  76  6:26  SCV  
  76  6:32  Marine x3  
  80  6:34  Medivac  
  80  6:35  Marine  
  80  6:36  Medivac  
  85  6:43  Marine  
  85  6:45  SCV x2  
  79  6:50  Supply Depot, Marine x3  
  79  6:53  Marine  
  80  6:56  Siege Tank  
  80  6:57  Supply Depot, SCV x2  
  80  6:59  Orbital Command  
  85  7:03  Barracks Reactor x2  
  85  7:11  Marine x5  
  85  7:12  SCV x2  
  85  7:13  Liberator  
  85  7:14  Supply Depot  
  92  7:24  SCV  
  92  7:25  SCV x2  
  92  7:26  Supply Depot  
  92  7:27  Supply Depot  
  92  7:29  Marine x2  
  97  7:34  Marine  
  97  7:35  Medivac  
  97  7:36  SCV  
  104  7:37  SCV x2  
  104  7:39  Marine x2  
  104  7:42  Combat Shield  
  108  7:46  Marine  
  108  7:47  Marine  
  108  7:48  SCV  
  108  7:49  SCV x2, Marine  
  108  7:51  Marine  
  114  7:54  Terran Infantry Weapons Level 2  
  114  7:57  Marauder  
  117  8:02  SCV x2, Marine  
  120  8:09  Terran Infantry Armor Level 2  
  120  8:10  Marine x7  
  125  8:16  Command Center  
  125  8:25  Refinery  
  125  8:26  Factory  
  125  8:27  Refinery  
  125  8:28  Marauder, Marine x5  
  125  8:29  Marine  
  125  8:30  Marine  
  125  8:45  Supply Depot x2  
  125  8:46  Supply Depot  
  125  8:47  Supply Depot  
  125  8:48  Siege Tank, Supply Depot, SCV, Marine x4  
  133  8:52  Terran Vehicle Weapons Level 1  
  133  9:01  Concussive Shells  
  133  9:07  SCV, Marine x9, Medivac x2  
  147  9:10  Barracks  
  147  9:11  Barracks  
  147  9:13  Barracks  
  127  9:24  Marine x4  
  127  9:25  Marine x5  
  127  9:27  Factory Tech Lab  
  132  9:35  Siege Tank  
  132  9:37  Medivac  
  137  9:39  Planetary Fortress  
  137  9:40  SCV  
  137  9:42  Marine x9, Medivac  
  149  9:50  Liberator  
  149  9:57  Siege Tank  
  147  10:00  Barracks Tech Lab x2, Marine x4  
  147  10:01  Marine  
  147  10:06  Barracks Tech Lab  
  150  10:07  Siege Tank  
  150  10:08  SCV  
  150  10:09  SCV x2  
  150  10:10  Refinery  
  150  10:11  Marine  
  160  10:15  Marine  
  160  10:19  Marauder  
  160  10:21  SCV x3  
  165  10:23  Marine  
  165  10:24  Marauder  
  167  10:28  Marine  
  167  10:29  Marauder, Siege Tank  
  167  10:33  SCV x2  
  175  10:37  Marauder, Marine  
  175  10:38  Marine  
  175  10:40  Marauder  
  179  10:44  Terran Infantry Weapons Level 3  
  179  10:45  Marauder, Marine x5, Command Center  
  179  10:48  Marine  
  187  10:59  Marine  
  187  11:01  Marine  
  188  11:10  Terran Infantry Armor Level 3, Supply Depot x2  
  188  11:26  Marine  
  188  11:27  Marine x2  
  188  11:28  Marine x3  
  188  11:31  Marauder x2  
  188  11:32  Marauder x2, Siege Tank, Marine  
  194  11:43  Supply Depot x2  
  190  11:57  Marauder x3, Marine x2, Medivac  
  190  11:59  Supply Depot, Marine  
  190  12:00  Supply Depot  
  200  12:04  Marine  
  200  12:05  Medivac  
  199  12:11  Marine  
  200  12:21  Marauder  
  199  12:24  Marine  
  199  12:27  Marine x4  
  183  12:33  Medivac  
  183  12:35  Medivac  
  183  12:36  Marine x3  
  183  12:37  Marine x2  
  170  12:39  Marine  
  170  12:40  Unknown x4  
  170  12:43  Marauder, Siege Tank  
  176  12:44  Marine  
  176  12:47  Marine x4  
  176  12:54  Marine x3  
  176  12:55  Marauder x2  
  176  12:57  Marine  
  167  13:02  Marine  
  167  13:03  Medivac  
  167  13:04  Marine  
  167  13:05  Marine x4, Medivac  
  171  13:06  Fusion Core  
  171  13:07  Starport  
  171  13:08  Ghost Academy  
  171  13:10  Starport  
  171  13:12  Marine x3  
  174  13:15  Marauder  
  174  13:16  Marauder x2  
  176  13:20  Marine  
  176  13:21  Marine  
  176  13:22  Marine  
  176  13:23  Marine x3  
  176  13:25  Siege Tank  
  185  13:27  Siege Tank  
  185  13:30  Marine x3  
  185  13:33  Medivac  
  169  13:35  Medivac  
  169  13:36  Marauder  
  169  13:37  Marine x2  
  169  13:38  Marine  
  169  13:39  Marine  
  169  13:40  Marine  
  169  13:41  Marine x3  
  152  13:48  Marine x3  
  154  13:55  Marine x2  
  152  13:56  Marine  
  152  13:57  Siege Tank, Marine x2  
  152  13:58  Marine x4  
  152  13:59  Siege Tank  
  164  14:03  Medivac  
  164  14:05  Marine, Medivac  
  164  14:06  Marine x2  
  171  14:13  Marine x2  
  171  14:14  Marine  
  171  14:15  Marine x2  
  171  14:16  Marine x2  
  178  14:17  Marine  
  177  14:25  Marine  
  177  14:29  Siege Tank  
  185  14:31  Marauder x2, Siege Tank  
  185  14:33  Marauder, Medivac  
  185  14:34  Marine  
  185  14:35  Marine  
  185  14:36  Marine  
  185  14:38  Marauder, Marine  
  177  14:39  Marine  
  177  14:40  Marine  
  131  14:48  Marine, Liberator  
  131  14:49  Liberator  
  131  14:51  Marine  
  131  14:52  Marine  
  124  14:53  Marauder x2  
  124  14:54  SCV  
  124  14:55  Liberator  
  124  14:56  SCV  
  124  14:58  Liberator  
  126  15:00  Marine  
  126  15:01  Siege Tank, SCV  
  126  15:03  Siege Tank  
  144  15:23  Marine x2  
  144  15:24  Marauder  
  148  15:31  Liberator  
  148  15:32  Liberator  
  148  15:34  Siege Tank  
  148  15:35  Marauder, Marine x2  
  155  15:40  Liberator  
  155  15:43  Marine  
  155  15:48  Marauder x2, Marine  
  167  15:51  Marauder, Marine  
  167  15:54  Marine  
  167  15:57  Marauder  
  173  16:03  SCV x3  
  170  16:04  Marine  
  170  16:10  Marine  
  170  16:11  Marauder  
  174  16:15  SCV  
  174  16:17  Marauder, Marine  
  178  16:22  Marine x3  
  181  16:30  Marine  
  181  16:32  Marine  
  182  16:33  Marine  
  182  16:35  Medivac  
  182  16:37  Medivac  
  140  16:52  Medivac x2  
  141  16:59  Marine x2  
  116  17:08  Marine  
  116  17:09  Marine x2  
  116  17:13  Marine  
  116  17:15  Marine x2  
  116  17:19  Marine  
  116  17:20  Orbital Command  
  116  17:22  Marine  
  119  17:23  Marine x2  
  119  17:24  Marine  
  119  17:28  Marine  
  114  17:30  Marine  
  114  17:34  Marine  
  116  17:39  Planetary Fortress  
  113  17:45  Marauder x2  
  113  17:47  SCV  
  113  17:49  SCV x2  
  113  17:51  Marauder  
  120  17:54  Marauder  
  120  17:57  Marine  
  118  18:02  Marine  
  118  18:03  Marine  
  118  18:06  Marauder, Marine  
  118  18:11  Marauder, Marine  
  117  18:13  Marine  
  117  18:19  Marine  
  118  18:20  Marine  
  118  18:22  Marauder  
  118  18:26  Marauder  
  123  18:32  Marine  
  123  18:33  Marine x2  
  115  18:38  Marine  
  95  18:42  Marine  
  95  18:45  Marine  
  97  18:49  Marine  
  97  18:55  Marauder x2  
  100  18:56  Marine  
  82  19:03  Marine  
Tags
 
Add a new tag
Caveats
  • Supply blocks, unpowered buildings, or Contaminate may cause inaccurate times.
  • Supply counts are checked every 10 seconds.